Map: Distant Plane

Players

Rain - Winner!

  • Race: Terran Terran

MrSpyte - Winner!

  • Race: Zerg Zerg

Giggles

  • Race: Zerg Zerg

Tenonee

  • Race: Zerg Zerg
  • League: Platinum

VOD

Have the link to the VOD?

Description

Time

  • Played on: July 26, 2016, 4:58 a.m.
  • Length: 4:18
Show
View Real Time Build Order
Export as new Build Order

Rain Terran - Winner!

Build Orders: Hellion Opening 

Get SALT Encoding   

  12  0:13  Supply Depot, SCV  
  13  0:22  Refinery  
  13  0:25  SCV  
  14  0:37  SCV  
  15  0:48  Barracks  
  15  0:55  SCV  
  16  1:07  SCV  
  17  1:19  SCV  
  17  1:21  Supply Depot  
  18  1:36  Factory  
  18  1:41  Barracks Reactor  
  18  1:43  Orbital Command  
  18  2:05  Refinery  
  18  2:11  SCV  
  19  2:25  SCV  
  19  2:27  Hellion x2  
  24  2:32  Factory  
  24  2:34  Barracks Tech Lab  
  24  2:35  Supply Depot  
  24  2:37  SCV  
  25  2:49  Hellion x2  
  29  2:56  SCV  
  30  2:59  Supply Depot  
  30  3:08  SCV  
  30  3:10  Hellion  
  33  3:23  Barracks Tech Lab  
  33  3:24  SCV  
  33  3:25  Factory  
  34  3:32  Supply Depot  
  34  3:43  Hellion  
  34  3:45  Hellion  
Show
View Real Time Build Order
Export as new Build Order

MrSpyte Zerg - Winner!

Build Orders: Hatch First 

Get SALT Encoding   

  12  0:01  Drone  
  13  0:13  Overlord  
  13  0:18  Drone  
  14  0:31  Drone x2  
  14  0:35  Drone  
  17  0:55  Hatchery  
  16  0:58  Extractor  
  16  0:59  Drone  
  16  1:14  Spawning Pool  
  16  1:17  Drone  
  16  1:21  Drone  
  16  1:25  Drone  
  18  1:30  Drone  
  19  1:40  Overlord  
  19  1:50  Drone  
  20  2:01  Metabolic Boost  
  20  2:02  Queen  
  20  2:06  Drone  
  23  2:13  Queen  
  25  2:16  Drone  
  26  2:23  Zergling x4  
  28  2:34  Zergling x2  
  28  2:35  Zergling x2  
  30  2:38  Overlord  
  30  2:55  Zergling x2  
  30  2:56  Zergling x6  
  34  3:05  Baneling Nest  
  33  3:08  Zergling x4  
  35  3:16  Zergling x8  
  39  3:31  Zergling x8  
  43  3:34  Overlord  
  42  3:50  Zergling x2  
  42  3:51  Zergling x4  
  43  3:55  Zergling x4  
  43  3:56  Zergling x8  
Show
View Real Time Build Order
Export as new Build Order

Giggles Zerg 

Build Orders: Hatch First 

Get SALT Encoding   

  12  0:01  Drone  
  13  0:12  Overlord  
  13  0:17  Drone  
  14  0:30  Drone x2  
  14  0:34  Drone  
  17  0:56  Hatchery, Drone  
  17  1:01  Extractor, Drone  
  17  1:15  Spawning Pool  
  16  1:19  Drone  
  16  1:22  Drone  
  18  1:28  Drone  
  19  1:38  Overlord  
  19  2:03  Drone, Roach Warren, Queen  
  19  2:04  Zergling x2  
  22  2:12  Queen  
  24  2:15  Drone  
  24  2:20  Drone  
  24  2:22  Drone  
  27  2:28  Drone  
  28  2:30  Drone  
  28  2:33  Drone  
  30  2:43  Roach x2  
  34  2:51  Queen  
  35  3:08  Overlord  
  35  3:09  Overlord  
  35  3:27  Roach x2  
  35  3:28  Roach x3  
  35  3:33  Drone x2  
  48  3:34  Drone  
  48  3:39  Extractor  
  45  3:52  Roach x3  
  45  3:54  Roach  
Show
View Real Time Build Order
Export as new Build Order

Tenonee Zerg 

Build Orders: Hatch First 

Get SALT Encoding   

  12  0:02  Drone  
  13  0:15  Overlord  
  13  0:18  Drone  
  14  0:33  Drone  
  14  0:34  Drone  
  16  0:37  Drone  
  17  0:49  Drone  
  18  1:01  Hatchery  
  17  1:05  Drone  
  17  1:07  Extractor  
  17  1:19  Spawning Pool  
  16  1:31  Drone  
  16  1:32  Drone  
  18  1:34  Overlord  
  18  1:45  Drone  
  19  1:54  Drone  
  20  2:09  Metabolic Boost  
  20  2:10  Queen  
  20  2:14  Queen  
  24  2:26  Drone x4  
  28  2:32  Drone  
  29  2:41  Zergling x4  
  31  2:48  Overlord  
  31  2:53  Drone  
  32  2:59  Queen  
  32  3:00  Queen  
  34  3:16  Zergling x8  
  38  3:25  Drone  
  38  3:26  Drone x5  
  43  3:45  Overlord x3  
Tags
 
Add a new tag
Caveats
  • Supply blocks, unpowered buildings, or Contaminate may cause inaccurate times.
  • Supply counts are checked every 10 seconds.